 Dungeon Crawl Stone Soup version 0.22-a0-469-gf26638a (webtiles) character file.

142 Mamutox the Sneak (level 5, 0/24 HPs)
             Began as a Spriggan Enchanter on June 12, 2018.
             Killed from afar by an orc wizard (7 damage)
             ... with a magic dart
             ... on level 4 of the Dungeon.
             The game lasted 00:15:20 (3899 turns).

Mamutox the Sneak (Spriggan Enchanter)              Turns: 3899, Time: 00:15:21

Health: 0/24       AC:  2    Str:  4    XL:     5   Next: 3%
Magic:  5/11       EV: 19    Int: 17    God:
Gold:   118        SH:  0    Dex: 17    Spells: 5/11 levels left

rFire    . . .     SeeInvis +   a - +1 dagger
rCold    . . .     Gourm    .   (shield restricted)
rNeg     . . .     Faith    .   b - +0 robe
rPois    .         Spirit   .   (helmet restricted)
rElec    .         Reflect  .   (no cloak)
rCorr    .         Harm     .   (gloves unavailable)
MR       .....                  (boots unavailable)
Stlth    +++.......             (no amulet)
HPRegen  0.08/turn              (no ring)
MPRegen  0.12/turn              (no ring)

@: very slightly contaminated, very quick
A: very small, unfitting armour, see invisible, herbivore, speed 3, slow
metabolism 2
a: no special abilities


You were on level 4 of the Dungeon.
You were hungry.

You visited 1 branch of the dungeon, and saw 4 of its levels.

You collected 118 gold pieces.

Inventory:

Hand Weapons
 a - a +1 dagger (weapon)
 j - a +0 hunting sling
Missiles
 i - 152 stones (quivered)
 s - 9 poisoned needles
Armour
 b - a +0 robe (worn)
 f - a +0 buckler
Scrolls
 c - 3 scrolls of fog {unknown}
 e - a scroll of magic mapping {unknown}
 g - 2 scrolls of identify {unknown}
 h - a scroll of blinking {unknown}
 l - a scroll of enchant armour {unknown}
 r - 2 scrolls of amnesia {unknown}
Potions
 k - 2 potions of brilliance {unknown}
 m - a potion of curing {unknown}
 n - 2 potions of agility {unknown}
 o - a potion of resistance {unknown}
 p - a potion of magic {unknown}
 q - a potion of invisibility {unknown}
 t - a potion of degeneration {unknown}
Comestibles
 d - 4 rations


   Skills:
 - Level 0.1 Fighting
 + Level 2.4 Short Blades
 + Level 3.9 Dodging
 + Level 5.5 Stealth
 + Level 3.6 Spellcasting
 + Level 4.7 Hexes
 - Level 0.1 Ice Magic


You had 5 spell levels left.
You knew the following spells:

 Your Spells              Type           Power        Failure   Level  Hunger
a - Corona                Hex            ###....      2%          1    None
c - Confuse               Hex            ###.....     7%          3    ###....
x - Ensorcelled Hibernat  Hex/Ice        ##....       9%          2    ##.....

Your spell library contained the following spells:

 Spells                   Type           Power        Failure   Level  Hunger
 Tukima's Dance           Hex            ###.....     7%          3    ###....
 Dazzling Spray           Conj/Hex       ##....       19%         3    ###....


Dungeon Overview and Level Annotations

Branches:
Dungeon (4/15)
 Temple: D:4-7

Altars:
Kikubaaqudgha
Nemelex Xobeh
Qazlal
Vehumet

Shops:
D:4 [

Annotations:
D:4 zkyp's ghost, amateur FoWn


Innate Abilities, Weirdness & Mutations

You are very small and have problems with some larger weapons.
You are too small for most types of armour.
You have supernaturally acute eyesight. (SInv)
You are a herbivore.
You cover ground extremely quickly.
You need to consume almost no food.


Message History

The orc wizard resists with some effort.
The orc wizard completely misses you. The orc wizard closely misses you.
You barely miss the orc wizard.
The orc wizard points at you and mumbles some strange words.
The puff of flame hits you!
Ouch! That really hurt!
The orc wizard mumbles some strange words.
The orc wizard seems to speed up.
Casting: Ensorcelled Hibernation (safe; 9% risk of failure)
Confirm with . or Enter, or press ? or * to list all spells.
Aiming: Ensorcelled Hibernation (safe; 9% risk of failure)
Press: ? - help, Shift-Dir - straight line, f/p - orc wizard
Aim: an orc wizard, wielding a dagger and wearing a robe (fast, chance to defeat MR: 42%)
Okay, then.
The orc wizard gestures at you while chanting.
The magic dart hits you!
* * * LOW HITPOINT WARNING * * *
The orc wizard points at you and mumbles some strange words.
The magic dart hits you!
You die...

....... #o ....... ##
####### # #######
#....## #.##.##
######### #.##.##
........# #.##.##
#######@##########.##.##
...........oo.....o.....
#######.##########.#####
#.# #.# #.# #.# # #.#
#.# #.# #.# #.. #.# #.#
... #.# ###


You could see 2 orc wizards.

Vanquished Creatures
  An orc wizard (D:3)
  6 adders
  An adder skeleton (D:4)
  2 worms (D:2)
  2 dart slugs
  A leopard gecko (D:2)
  7 orcs
  A ball python (D:1)
  3 giant cockroaches
  3 goblins
  A hobgoblin (D:1)
  2 jackals (D:1)
  2 quokkas
  5 bats
  3 frilled lizards
  4 kobolds
  2 rats (D:1)
46 creatures vanquished.

Notes
Turn   | Place    | Note
-------+----------+-------------------------------------------
     0 | D:1      | Mamutox the Spriggan Enchanter began the quest for the Orb.
     0 | D:1      | Reached XP level 1. HP: 9/9 MP: 5/5
   308 | D:1      | Reached XP level 2. HP: 13/13 MP: 6/6
   325 | D:1      | Learned a level 2 spell: Ensorcelled Hibernation
   599 | D:1      | You fall through a shaft!
   613 | D:2      | Found a stormy altar of Qazlal.
  1309 | D:2      | Reached XP level 3. HP: 16/16 MP: 2/8
  1314 | D:2      | Learned a level 3 spell: Confuse
  1405 | D:2      | Reached skill level 5 in Stealth
  1481 | D:2      | Reached XP level 4. HP: 21/21 MP: 9/9
  2158 | D:3      | Found a radiant altar of Vehumet.
  2166 | D:3      | Found a sparkling altar of Nemelex Xobeh.
  2171 | D:3      | Found an ancient bone altar of Kikubaaqudgha.
  3292 | D:4      | Noticed zkyp's ghost (amateur FoWn)
  3503 | D:4      | Found Linaimi's Armour Boutique.
  3757 | D:4      | Reached XP level 5. HP: 16/24 MP: 6/11
  3899 | D:4      | Killed from afar by an orc wizard

Vault maps used:
D:1:      nzn_arrival_crosshair, wad_floor_pattern_untrapped
D:2:      grunt_qazlal_clouds
D:3:      minitemple, gup_sewer_entry_glass
D:4:      minmay_temple_entry_nine_rooms, serial_shops, nicolae_shop_trees,
          first_ration

Skill      XL: |  1  2  3 |
---------------+----------+-----
Hexes          | 4 |  4.7
Spellcasting   | 3 |  3.6
Stealth        | 5 |  5.5
Short Blades   | 2 |  2.4
Fighting       | |  0.1
Dodging        | |  3.9
Ice Magic      | |  0.1

Action                   |  1- 3 |  4- 6 || total
-------------------------+-------+-------++-------
Melee: Dagger            |    61 |    97 ||   158
 Cast: Corona            |     2 |       ||     2
       Ensorcelled Hiber |    12 |    17 ||    29
       Confuse           |       |     7 ||     7
 Stab: Sleeping          |    18 |    15 ||    33
       Confused          |       |     3 ||     3
  Eat: Ration            |       |     1 ||     1
Armor: Robe              |    13 |    12 ||    25
Dodge: Dodged            |    59 |    67 ||   126

Table legend:
 A = Spawn XP
 B = Non-spawn XP
 C = Spawn XP percentage of total XP
 D = Spawn monster count
 E = Non-spawn monster count
 F = Spawn count percentage of total count
 G = Total turns spent on level
                    A         B        C        D         E        F      G
               +---------+---------+-------+---------+---------+-------+---------
         Total |       0 |     203 |   0.0 |       0 |      46 |   0.0 |  3899
               +---------+---------+-------+---------+---------+-------+---------
           D:1 |       0 |      18 |   0.0 |       0 |      10 |   0.0 |   599
           D:2 |       0 |      83 |   0.0 |       0 |      16 |   0.0 |  1201
           D:3 |       0 |      80 |   0.0 |       0 |      16 |   0.0 |  1423
           D:4 |       0 |      22 |   0.0 |       0 |       4 |   0.0 |   676
               +---------+---------+-------+---------+---------+-------+---------
